General information
- name: BNet
- type: Ladder team game (AT/RT)
- host: Battle.net
- saver: FagJakeCampbell
map: Deathknell
- players: 8
- length: 02:54
- speed: Fast
- version: 1.28 W3XP
- replay type: Public
» download(24 KB)
Players
team 1 (winner)

»
Zabra (
green | 52 APM | 150 actions | 02:54)
1 Death Knight
1 Death Coil
» actions
| Assign group hotkey | 8 | |
| Build / train | 8 | |
| Enter build submenu | 7 | |
| Enter hero's abilities submenu | 1 | |
| Right click | 58 | |
| Select / deselect | 23 | |
| Select group hotkey | 37 | |
| Use ability | 8 | |
150 total
» units
| Acolyte | 2 | |
| Ghoul | 1 | |
| Crypt Fiend | 2 | |
5 total
» buildings
| Graveyard | 1 | |
| Crypt | 1 | |
| Altar of Darkness | 1 | |
| Ziggurat | 2 | |
| Tomb of Relics | 1 | |
6 total
» build order
00:08 Graveyard
00:13 Crypt
00:41 Altar of Darkness
00:55 Ziggurat
01:21 Tomb of Relics
02:01 Ziggurat
» items

»
Killer (
yellow | 34 APM | 98 actions | 02:54)
» actions
| Assign group hotkey | 3 | |
| Build / train | 11 | |
| Enter build submenu | 5 | |
| Remove unit from queue | 1 | |
| Right click | 22 | |
| Select / deselect | 48 | |
| Select group hotkey | 3 | |
| Use ability | 5 | |
98 total
» units
» buildings
| Barracks | 1 | |
| Orc Burrow | 3 | |
| Altar of Storms | 1 | |
5 total
» build order
00:17 Barracks
00:46 Orc Burrow
01:07 Altar of Storms
01:56 Orc Burrow
01:58 Orc Burrow

»
Katanaa (
pink | 25 APM | 74 actions | 02:54)
» actions
| Basic commands | 5 | |
| Build / train | 8 | |
| Enter build submenu | 7 | |
| Right click | 18 | |
| Select / deselect | 29 | |
| Use ability | 7 | |
74 total
» units
» buildings
| Ziggurat | 2 | |
| Crypt | 2 | |
| Altar of Darkness | 1 | |
| Tomb of Relics | 1 | |
| Graveyard | 1 | |
7 total
» build order
00:11 Ziggurat
00:16 Crypt
00:46 Altar of Darkness
01:35 Ziggurat
01:41 Tomb of Relics
02:17 Crypt
02:47 Graveyard
Gitguderr (
orange | 41 APM | 118 actions | 02:54)
1 Blademaster
1 Wind Walk
» actions
| Assign group hotkey | 6 | |
| Build / train | 13 | |
| Enter build submenu | 7 | |
| Enter hero's abilities submenu | 1 | |
| Right click | 28 | |
| Select / deselect | 56 | |
| Select group hotkey | 2 | |
| Use ability | 5 | |
118 total
» units
» buildings
| Altar of Storms | 1 | |
| Orc Burrow | 2 | |
| Barracks | 1 | |
| Voodoo Lounge | 1 | |
5 total
» build order
00:08 Altar of Storms
00:12 Orc Burrow
00:40 Barracks
01:23 Voodoo Lounge
01:49 Orc Burrow
» items
| Healing Salve | 1 | |
| Lesser Clarity Potion | 1 | |
2 total
team 2 (loser)

»
BLINKANDURDEAD (
purple | 58 APM | 164 actions | 02:49)
» actions
| Assign group hotkey | 2 | |
| Build / train | 7 | |
| Enter build submenu | 6 | |
| Right click | 32 | |
| Select / deselect | 31 | |
| Select group hotkey | 80 | |
| Use ability | 6 | |
164 total
» units
| Acolyte | 2 | |
| Ghoul | 1 | |
| Crypt Fiend | 2 | |
5 total
» buildings
| Crypt | 1 | |
| Graveyard | 1 | |
| Ziggurat | 2 | |
| Altar of Darkness | 1 | |
| Nerubian Tower | 1 | |
| Tomb of Relics | 1 | |
7 total
» build order
00:17 Crypt
00:26 Graveyard
00:41 Ziggurat
01:02 Altar of Darkness
01:35 Nerubian Tower
01:58 Tomb of Relics
02:12 Ziggurat
Le.bon (
blue | 43 APM | 105 actions | 02:27)
1 Tauren Chieftain
1 War Stomp
» actions
| Assign group hotkey | 2 | |
| Build / train | 8 | |
| Enter build submenu | 6 | |
| Enter hero's abilities submenu | 1 | |
| Right click | 29 | |
| Select / deselect | 47 | |
| Select group hotkey | 6 | |
| Use ability | 6 | |
105 total
» units
» buildings
| Altar of Storms | 1 | |
| Orc Burrow | 2 | |
| War Mill | 1 | |
| Barracks | 2 | |
6 total
» build order
00:03 Altar of Storms
00:22 Orc Burrow
00:51 War Mill
01:33 Barracks
01:35 Barracks
01:59 Orc Burrow

»
Cumaster (
red | 61 APM | 175 actions | 02:50)
» actions
| Assign group hotkey | 4 | |
| Build / train | 16 | |
| Enter build submenu | 7 | |
| Right click | 105 | |
| Select / deselect | 29 | |
| Select group hotkey | 7 | |
| Use ability | 7 | |
175 total
» units
» buildings
| Farm | 3 | |
| Altar of Kings | 1 | |
| Barracks | 1 | |
| Lumber Mill | 1 | |
| Scout Tower | 1 | |
| Arcane Tower | 1 | |
8 total
» build order
00:27 Farm
00:41 Altar of Kings
00:56 Barracks
01:08 Farm
01:41 Lumber Mill
01:48 Farm
01:56 Scout Tower
02:23 Arcane Tower
FagJakeCampbell (
teal | 48 APM | 139 actions | 02:54)
1 Archmage
1 Blizzard
» actions
| Assign group hotkey | 3 | |
| Basic commands | 4 | |
| Build / train | 12 | |
| Enter build submenu | 2 | |
| Enter hero's abilities submenu | 1 | |
| Give item / drop item | 1 | |
| Remove unit from queue | 1 | |
| Right click | 58 | |
| Select / deselect | 45 | |
| Select group hotkey | 2 | |
| Use ability | 10 | |
139 total
» units
» buildings
» build order
00:31 Altar of Kings
00:33 Farm
Chat log
(00:06 / Allies) FagJakeCampbell: mass tier 1 rush
(00:13 / Allies) FagJakeCampbell: with more than 30 food
(00:16 / Allies) Le.bon: or we can quit now
(00:25 / Allies) Le.bon: same effect
(00:36 / Allies) BLINKANDURDEAD: well it wont be expected :D
(00:37 / Allies) Cumaster: its kind of large for a rush map...
(00:46 / Allies) BLINKANDURDEAD: mass up split rush ?
(00:47 / Allies) Cumaster: do 2 top 2 bottom
(00:59 / Allies) Le.bon: fast expo then we hit red?
(01:04 / Allies) Le.bon: cani plz
(02:47 / All) Cumaster: ur guys are pathetic losers
(02:53 / All) Gitguderr: lol